Map: Pillars of Gold LE

Players

ShoWTimE

  • Race: Protoss Protoss
  • Spawn Location: 1:00

TYTY (TY) - Winner!

  • Race: Terran Terran
  • Spawn Location: 7:00

Event: IEM Katowice 2021

VOD

Have the link to the VOD?

Description

Time

  • Played on: Feb. 22, 2021, 11:59 a.m.
  • Length: 16:50

All games in this series

Show
View Real Time Build Order
Export as new Build Order

ShoWTimE Protoss 

Build Orders: 1 Gate Expand, Phoenix Opening, Colossus Rush 

Get SALT Encoding   

  12  0:00  Probe  
  13  0:12  Probe  
  14  0:18  Pylon  
  14  0:24  Probe (Chrono Boost)  
  15  0:36  Probe (Chrono Boost)  
  15  0:40  Gateway  
  16  0:45  Probe (Chrono Boost)  
  16  0:48  Assimilator  
  17  0:50  Probe  
  18  1:03  Probe  
  19  1:15  Probe  
  20  1:27  Cybernetics Core  
  20  1:36  Nexus  
  20  1:42  Pylon  
  20  1:45  Probe  
  21  1:51  Assimilator  
  21  1:57  Probe  
  21  2:01  Adept (Chrono Boost)  
  24  2:09  Probe  
  25  2:21  Adept (Chrono Boost), Probe  
  26  2:29  Stargate  
  28  2:34  Probe  
  29  2:39  Warp Gate  
  29  2:43  Adept  
  29  2:49  Probe (Chrono Boost)  
  33  2:54  Probe (Chrono Boost)  
  33  2:58  Probe (Chrono Boost)  
  34  3:02  Probe (Chrono Boost)  
  34  3:03  Probe (Chrono Boost)  
  36  3:12  Probe  
  37  3:13  Phoenix  
  37  3:15  Probe  
  37  3:19  Gateway  
  40  3:24  Probe  
  40  3:26  Pylon  
  41  3:27  Probe  
  42  3:36  Probe  
  42  3:38  Phoenix  
  42  3:39  Probe  
  46  3:49  Robotics Facility, Probe (Chrono Boost)  
  46  3:50  Assimilator  
  46  3:51  Assimilator  
  46  3:53  Probe (Chrono Boost)  
  48  3:57  Pylon  
  49  4:05  Probe (Chrono Boost)  
  49  4:07  Probe (Chrono Boost)  
  50  4:11  Probe (Chrono Boost)  
  50  4:13  Probe (Chrono Boost)  
  52  4:19  Probe  
  53  4:24  Pylon  
  53  4:25  Probe  
  53  4:29  Nexus  
  54  4:31  Probe  
  54  4:37  Probe  
  57  4:38  Observer  
  57  4:42  Robotics Bay  
  57  4:43  Probe  
  58  4:46  Phoenix  
  58  4:49  Probe  
  61  4:55  Probe  
  61  4:57  Pylon  
  61  4:59  Immortal (Chrono Boost)  
  62  5:06  Probe  
  67  5:07  Probe  
  67  5:11  Phoenix  
  70  5:18  Probe  
  70  5:19  Sentry  
  70  5:20  Probe  
  74  5:24  Forge  
  74  5:28  Shield Battery  
  74  5:30  Probe  
  74  5:32  Probe  
  74  5:34  Adept  
  78  5:38  Colossus (Chrono Boost)  
  84  5:43  Probe x2  
  84  5:45  Adept  
  84  5:47  Probe  
  89  5:54  Forge  
  89  5:55  Probe x2  
  91  5:59  Probe  
  89  6:07  Adept x2, Probe  
  89  6:08  Probe  
  91  6:11  Probe  
  87  6:18  Protoss Ground Armor Level 1  
  87  6:19  Protoss Ground Weapons Level 1, Probe  
  87  6:20  Probe  
  87  6:23  Probe  
  90  6:33  Probe, Twilight Council  
  90  6:34  Probe  
  90  6:39  Probe  
  93  6:49  Pylon  
  93  6:52  Pylon  
  93  7:00  Probe  
  93  7:01  Probe  
  90  7:12  Zealot x2  
  89  7:15  Probe  
  89  7:18  Colossus (Chrono Boost), Probe  
  97  7:24  Probe  
  96  7:31  Probe  
  96  7:32  Probe  
  96  7:33  Sentry  
  96  7:34  Pylon  
  100  7:38  Probe  
  101  7:49  Assimilator  
  101  7:50  Charge (Chrono Boost), Gateway  
  101  7:51  Pylon  
  101  7:52  Pylon, Probe  
  101  7:54  Assimilator  
  101  7:57  Gateway x2  
  102  8:03  Probe x2  
  102  8:04  Probe  
  105  8:09  Zealot x2  
  105  8:11  Colossus (Chrono Boost)  
  109  8:15  Probe  
  109  8:17  Pylon  
  116  8:26  Gateway  
  116  8:29  Phoenix  
  116  8:30  Gateway  
  118  8:34  Pylon  
  118  8:35  Gateway  
  118  8:36  Protoss Ground Weapons Level 2 (Chrono Boost), Protoss Ground Armor Level 2 (Chrono Boost)  
  118  8:38  Gateway  
  118  8:40  Zealot x2, Shield Battery  
  118  8:41  Pylon  
  122  8:42  Pylon  
  122  8:44  Pylon  
  122  8:48  Probe  
  122  8:49  Probe x2  
  122  8:54  Phoenix  
  127  9:00  Immortal  
  131  9:07  Pylon  
  129  9:10  Zealot, Templar Archives  
  129  9:11  Zealot x4  
  139  9:22  Zealot  
  141  9:27  Nexus  
  141  9:29  Phoenix  
  141  9:30  Pylon  
  143  9:35  Zealot x2  
  143  9:37  Zealot  
  146  9:40  Zealot  
  146  9:50  Immortal  
  150  9:55  Zealot, High Templar x2  
  150  9:56  Zealot  
  157  10:01  Archon  
  157  10:05  Pylon  
  157  10:09  Pylon  
  157  10:11  Pylon  
  157  10:14  Nexus  
  157  10:16  Pylon  
  157  10:25  High Templar  
  157  10:26  Pylon, High Templar  
  161  10:30  Zealot x6  
  161  10:31  Archon  
  161  10:33  Warp Prism (Chrono Boost)  
  175  10:51  Zealot x3, High Templar x4  
  175  10:55  Archon x2  
  189  10:58  Zealot x2  
  187  11:13  Protoss Ground Armor Level 3 (Chrono Boost)  
  187  11:16  Zealot x3  
  191  11:21  Zealot x2  
  191  11:23  Protoss Ground Weapons Level 3 (Chrono Boost)  
  195  11:29  Disruptor (Chrono Boost)  
  198  11:36  Cybernetics Core  
  198  11:38  Probe x2  
  200  11:49  Photon Cannon, Gateway  
  200  11:50  Gateway  
  200  12:05  Assimilator  
  200  12:09  Assimilator  
  200  12:21  Disruptor (Chrono Boost)  
  198  12:25  Nexus  
  198  12:28  Stalker x3, Robotics Facility, Pylon  
  199  12:34  Probe  
  199  12:35  Shield Battery  
  199  12:37  Shield Battery  
  198  13:00  Stalker x2  
  198  13:04  Zealot x2  
  162  13:14  Zealot x3  
  162  13:15  Zealot x3  
  162  13:18  Disruptor (Chrono Boost)  
  115  13:28  High Templar x3  
  115  13:29  Probe x3 (Chrono Boost)  
  115  13:30  Probe (Chrono Boost), High Templar x2  
  126  13:34  Archon x2  
  126  13:40  Disruptor (Chrono Boost)  
  126  13:41  Probe x3 (Chrono Boost)  
  131  13:44  Probe (Chrono Boost)  
  131  13:46  Probe (Chrono Boost)  
  131  13:47  Probe x2 (Chrono Boost)  
  136  13:49  Stalker x4, Probe (Chrono Boost)  
  136  13:51  Disruptor (Chrono Boost)  
  150  13:55  Probe  
  150  13:56  Probe x2  
  150  13:59  Pylon  
  150  14:00  Probe x2  
  153  14:04  High Templar  
  153  14:07  Probe  
  159  14:10  Archon  
  159  14:12  Probe  
  160  14:17  Shield Battery, Probe  
  160  14:18  Disruptor (Chrono Boost)  
  160  14:20  Photon Cannon  
  160  14:21  Assimilator  
  160  14:22  Pylon, Disruptor (Chrono Boost)  
  164  14:25  Protoss Shields Level 1  
  164  14:31  Dark Shrine  
  164  14:35  Zealot  
  166  14:40  Zealot x4  
  166  14:44  Disruptor  
  177  14:49  Stalker x3  
  169  14:53  Zealot x3  
  172  15:05  Probe x2  
  172  15:06  Probe  
  157  15:18  Zealot x4  
  157  15:19  Zealot x7  
  157  15:21  Probe  
  174  15:22  Probe  
  174  15:27  Probe  
  174  15:28  Probe, Photon Cannon  
  175  15:34  Probe  
  176  15:40  Shield Battery, Photon Cannon  
  176  15:42  Pylon  
  176  15:49  Twilight Council  
  176  15:51  Zealot x4  
  176  15:56  Probe  
  184  15:57  Probe  
  181  16:11  Pylon  
  179  16:13  Dark Templar  
  179  16:16  Dark Templar  
  180  16:18  Dark Templar x6  
  174  16:26  Dark Templar x3  
Show
View Real Time Build Order
Export as new Build Order

TYTY Terran - Winner!

Build Orders:  

Get SALT Encoding   

  12  0:00  SCV  
  13  0:12  SCV  
  14  0:19  Supply Depot  
  14  0:25  SCV  
  15  0:40  SCV  
  15  0:42  Barracks  
  16  0:44  Refinery  
  16  0:53  SCV  
  17  1:05  SCV  
  18  1:17  SCV  
  19  1:28  Marine  
  19  1:30  Orbital Command  
  20  1:50  Command Center  
  20  1:52  Barracks Reactor  
  20  1:56  SCV  
  20  1:58  Supply Depot  
  21  2:08  SCV  
  22  2:20  SCV  
  23  2:28  Marine x2  
  25  2:33  Command Center  
  25  2:35  SCV  
  26  2:46  Marine x2  
  26  2:49  SCV  
  29  2:57  Barracks  
  29  3:01  SCV  
  29  3:03  Orbital Command  
  29  3:05  Marine  
  29  3:09  Marine  
  31  3:13  SCV  
  32  3:23  Marine  
  32  3:25  SCV  
  34  3:27  Marine  
  34  3:28  Engineering Bay  
  34  3:31  SCV  
  35  3:37  SCV  
  36  3:41  Marine  
  36  3:43  SCV  
  36  3:45  Marine, Barracks Tech Lab  
  39  3:50  Orbital Command  
  39  3:51  SCV  
  39  3:54  Terran Infantry Weapons Level 1  
  39  3:55  SCV  
  41  4:00  Marine  
  42  4:02  Marine  
  42  4:05  Factory  
  42  4:06  Stimpack  
  42  4:09  SCV  
  44  4:10  SCV  
  44  4:11  Marine  
  44  4:15  Missile Turret  
  44  4:16  SCV  
  47  4:19  Marine  
  47  4:21  SCV  
  47  4:23  Missile Turret  
  49  4:25  Marine  
  49  4:26  SCV  
  49  4:28  SCV  
  52  4:32  Supply Depot  
  52  4:33  SCV  
  52  4:36  Marine  
  52  4:37  Marine  
  56  4:38  SCV  
  56  4:40  SCV  
  56  4:43  Refinery  
  56  4:45  Marine  
  58  4:48  SCV  
  58  4:50  Refinery  
  58  4:51  Starport  
  58  4:52  Refinery  
  59  4:54  SCV, Marine  
  59  4:55  SCV  
  59  4:56  Marine  
  63  5:01  SCV  
  63  5:02  Factory Reactor  
  63  5:03  Marine  
  63  5:07  SCV  
  66  5:12  Supply Depot, Marine  
  66  5:13  Supply Depot  
  66  5:14  Marine  
  69  5:22  Marine  
  69  5:28  Orbital Command  
  69  5:34  SCV x2  
  71  5:38  Barracks  
  71  5:39  Barracks, Marine x2  
  71  5:40  Barracks, Marine  
  74  5:46  SCV x2  
  74  5:47  Factory Tech Lab  
  74  5:48  Medivac  
  74  5:49  Medivac  
  80  5:56  SCV  
  81  5:58  SCV x2  
  81  5:59  Marine  
  81  6:00  Marine  
  85  6:07  Supply Depot  
  85  6:10  Supply Depot x2  
  85  6:11  SCV  
  85  6:13  Marine  
  85  6:17  SCV  
  85  6:19  Marine  
  85  6:21  Supply Depot, Terran Infantry Armor Level 1  
  85  6:22  Marine  
  84  6:29  Medivac x2, Siege Tank  
  84  6:30  Marine, Barracks Tech Lab x2  
  84  6:31  Barracks Reactor  
  92  6:34  SCV x3  
  92  6:36  Marine  
  96  6:40  Marine  
  96  6:43  Missile Turret  
  96  6:46  SCV x2  
  98  6:48  SCV  
  98  6:54  Marauder x3  
  103  6:58  SCV x2  
  103  7:00  Supply Depot x2  
  101  7:04  Marine x2  
  101  7:05  SCV  
  101  7:07  Combat Shield  
  102  7:10  SCV  
  102  7:11  Marine  
  102  7:15  Marauder x2  
  102  7:20  Medivac x2  
  102  7:21  Siege Tank  
  110  7:25  Concussive Shells  
  110  7:26  Marine  
  110  7:27  Supply Depot, Marine  
  112  7:32  Marauder, Marine x2  
  112  7:36  SCV x3  
  117  7:39  Marauder x2  
  121  7:45  Refinery  
  121  7:46  Refinery  
  121  7:48  Marine x2  
  121  7:49  Viking  
  121  7:50  Viking  
  127  7:52  SCV x3  
  127  7:53  Supply Depot  
  127  7:54  Marine x2  
  127  7:58  Siege Tank  
  135  8:04  Marine x3  
  138  8:05  Marine  
  138  8:06  Marine  
  138  8:10  Armory  
  138  8:11  Engineering Bay  
  141  8:14  Marine x2  
  141  8:19  Supply Depot  
  142  8:20  Supply Depot  
  142  8:21  Viking x2  
  142  8:22  Marine x3  
  149  8:35  Ghost Academy  
  149  8:40  Marine x2  
  154  8:42  Marine x2  
  154  8:46  Sensor Tower  
  154  8:47  Supply Depot  
  156  8:53  Siege Tank  
  156  8:59  Command Center  
  156  9:00  Marauder, Marine x3  
  156  9:01  Marauder x2  
  165  9:08  Terran Infantry Armor Level 2, Terran Infantry Weapons Level 2  
  164  9:16  Viking  
  167  9:24  Marine  
  167  9:25  Ghost  
  169  9:32  Ghost  
  169  9:37  Marine x2  
  173  9:43  Marine  
  173  9:45  Viking  
  173  9:46  Viking  
  171  9:52  Marine  
  171  9:53  Marine  
  171  9:54  Terran Ship Weapons Level 1  
  173  10:11  SCV x3  
  176  10:15  Medivac  
  176  10:16  Medivac  
  177  10:21  Barracks  
  177  10:22  Planetary Fortress  
  177  10:23  SCV, Barracks, Factory Reactor  
  177  10:24  Starport  
  177  10:26  Barracks  
  178  10:31  Enhanced Shockwaves  
  178  10:32  Missile Turret  
  178  10:33  Refinery  
  178  10:34  Missile Turret  
  178  10:37  Refinery  
  178  10:38  Marauder x3  
  178  10:42  SCV x3  
  186  10:45  Medivac  
  186  10:54  SCV  
  187  11:11  Marauder x2, Marine x2  
  174  11:12  Marine x2  
  178  11:25  Barracks Tech Lab  
  177  11:26  Barracks Tech Lab x2  
  177  11:28  Terran Infantry Weapons Level 3, Terran Infantry Armor Level 3  
  177  11:31  Marine x2  
  177  11:32  Marauder  
  181  11:33  Marauder  
  181  11:34  Viking x2  
  183  11:41  Marine x2, Ghost  
  185  11:48  Missile Turret  
  185  11:49  Marine, Ghost  
  188  12:06  Missile Turret  
  188  12:13  Terran Vehicle And Ship Armor Level 1  
  188  12:50  Marauder  
  188  12:55  Marauder  
  188  13:08  Marine x2  
  188  13:10  Marine x4, Viking x2  
  188  13:11  Marauder  
  188  13:12  Marauder, Viking  
  188  13:13  Marauder  
  188  13:16  Marauder  
  152  13:26  Marine  
  124  13:27  Marauder  
  124  13:28  Marauder, Marine x3  
  124  13:32  Marine  
  124  13:33  Marine  
  124  13:34  Marine  
  123  13:37  Marine  
  126  13:44  Marine, Liberator x2  
  126  13:45  Marine  
  126  13:46  Marine x2  
  126  13:47  Marine  
  133  13:49  Marine  
  133  13:50  Marine  
  133  13:51  Marine, Ghost  
  133  13:52  Medivac, Widow Mine x2  
  133  13:54  Ghost  
  146  14:02  Marine  
  147  14:03  Marine  
  147  14:04  Marine x2  
  147  14:05  Ghost, Orbital Command, Sensor Tower  
  147  14:06  Ghost  
  147  14:08  Ghost  
  147  14:09  Marauder  
  158  14:18  Widow Mine x2  
  158  14:20  Marauder, Marine  
  158  14:21  Marine x3  
  158  14:22  Medivac  
  158  14:24  Marauder  
  172  14:30  Marine  
  173  14:34  Ghost  
  173  14:35  Ghost  
  173  14:36  Marine  
  173  14:38  Marine  
  179  14:40  Widow Mine x2  
  183  14:49  Marauder x3, Marine x2  
  188  14:57  Marine  
  188  14:59  Marine x2  
  188  15:04  Medivac x2, Widow Mine  
  176  15:09  Marauder x2, Marine x2  
  169  15:17  Marine  
  169  15:18  Marauder x2, Marine x2  
  169  15:20  Medivac  
  172  15:30  Marauder, Marine x2  
  172  15:31  Marauder, Command Center  
  172  15:32  Supply Depot  
  172  15:34  Medivac x2, Marauder  
  184  15:35  Marine x2  
  184  15:36  Marauder  
  188  15:54  Marauder x3, Marine x2  
  196  16:00  Marine x2  
  196  16:01  Orbital Command  
  196  16:03  Marauder x2  
  196  16:09  Widow Mine  
  196  16:19  Widow Mine  
  196  16:20  Marine x2  
  196  16:32  Marine x2  

Tags
 
Add a new tag
Caveats
  • Supply blocks, unpowered buildings, or Contaminate may cause inaccurate times.
  • Supply counts are checked every 10 seconds.